 Dungeon Crawl Stone Soup version 0.23-a0-396-g5214e5f (webtiles) character file.

8115 JeffiDaFish the Fighter (level 11, -9/90 HPs)
             Began as a Demonspawn Abyssal Knight on Nov 2, 2018.
             Was an Elder of Lugonu.
             Mangled by a wraith (10 damage)
             ... led by Josephine
             ... on level 10 of the Dungeon on Nov 3, 2018.
             The game lasted 00:21:29 (9048 turns).

JeffiDaFish the Fighter (Demonspawn Abyssal Knight) Turns: 9048, Time: 00:21:30

Health: -9/90      AC: 20    Str: 17    XL:     11   Next: 5%
Magic:  11/11      EV:  9    Int: 15    God:    Lugonu [****..]
Gold:   324        SH:  4    Dex: 14    Spells: 10/10 levels left

rFire    + . .     SeeInvis .   u - +2 long sword (freeze)
rCold    + . .     Gourm    .   x - +0 buckler
rNeg     . . .     Faith    .   w - +2 chain mail {rC+}
rPois    +         Spirit   .   m - +0 helmet of the Vacuum {rPois Int+2}
rElec    .         Reflect  .   (no cloak)
rCorr    .         Harm     .   (no gloves)
MR       +....                  (no boots)
Stlth    ..........             n - amulet "Ulelutz" {Acrobat +Blink}
HPRegen  0.25/turn              e - +4 ring of slaying
MPRegen  0.12/turn              f - +6 ring of protection

@: lethally poisoned (-9 -> -13), slowed, heavily drained, very slow
A: hooves 2, thin skeletal structure 1, fire resistance 1, low mp 1, magic
resistance 1, powered by death 1
a: Depart the Abyss, Bend Space, Banish, Corrupt, Renounce Religion, Evoke Blink


You were on level 10 of the Dungeon.
You worshipped Lugonu.
Lugonu was greatly pleased with you.
You were not hungry.

You visited 1 branch of the dungeon, and saw 10 of its levels.
You visited the Abyss 1 time.

You collected 628 gold pieces.
You spent 304 gold pieces at shops.

Inventory:

Hand Weapons
 d - a +2 scimitar of flaming
 u - a +2 long sword of freezing (weapon)
Armour
 m - the +0 helmet of the Vacuum (worn) {rPois Int+2}
   (You bought it in a shop on level 5 of the Dungeon)

   It affects your intelligence (+2).
   It protects you from poison.
 w - a +2 chain mail of cold resistance (worn)
 x - a +0 buckler (worn)
Jewellery
 e - a +4 ring of slaying (left hand)
 f - a +6 ring of protection (right hand)
 h - an uncursed amulet of magic regeneration
 n - the amulet "Ulelutz" (around neck) {Acrobat +Blink}
   (You found it on level 4 of the Dungeon)

   [amulet of the acrobat]

   It helps you evade while moving and waiting.
   It lets you blink.
 p - an uncursed ring of poison resistance
 r - an uncursed ring of positive energy
Wands
 j - a wand of disintegration (15)
 v - a wand of clouds (7)
Scrolls
 b - 3 scrolls of magic mapping
 g - 2 scrolls of identify
 k - a scroll of fog
 o - 4 scrolls of remove curse
 t - 2 scrolls of summoning
Potions
 a - a potion of flight
 i - 4 potions of curing
 l - a potion of ambrosia
Comestibles
 c - 11 rations
 q - 13 chunks of flesh


   Skills:
 * Level 10.1(8.6) Fighting
 + Level 7.2(5.8) Long Blades
 * Level 9.0(7.5) Armour
 + Level 5.8(4.5) Dodging
 - Level 1.0(0.0) Stealth
 * Level 2.6(1.4) Shields
 - Level 2.6(1.4) Invocations


You had 10 spell levels left.
You didn't know any spells.
Your spell library contained the following spells:

 Spells                   Type           Power        Failure   Level  Hunger
 Sting                    Conj/Pois      #...         99%         1    ##.....
 Poisonous Vapours        Pois/Air       #.....       100%        2    ###....
 Mephitic Cloud           Conj/Pois/Air  #.......     100%        3    ####...
 Olgreb's Toxic Radiance  Pois           #.......     100%        4    #####..
 Venom Bolt               Conj/Pois      #.........   100%        5    ######.


Dungeon Overview and Level Annotations

Branches:
Dungeon (10/15)            Temple (0/1) D:7            Lair (0/6) D:9
    Orc: D:9-12

Altars:
Dithmenos
Makhleb

Shops:
D:5 *   D:7 }

Annotations:
D:10 Josephine


Innate Abilities, Weirdness & Mutations

You have hoof-like feet.
You have a somewhat thin skeletal structure. (Dex +2, Stealth)
Your flesh is heat resistant. (rF+)
You regenerate a little health from kills.
Your magical capacity is low. (-10% MP)
You are resistant to hostile enchantments. (MR+)


Message History

The ghostly fireball engulfs the wraith.
The wraith completely resists.
Okay, then.
* * * LOW HITPOINT WARNING * * *
You feel sick. The wraith hits you.
* * * LOW HITPOINT WARNING * * *
The wraith drains your vigour!
You feel as though you will be slow longer.
The wraith misses you. The wraith hits you but does no damage.
* * * LOW HITPOINT WARNING * * *
You feel sick.
* * * LOW HITPOINT WARNING * * *
You feel sick. The wraith completely misses you.
You riposte.
You hit the wraith.
The wraith is severely damaged.
You hit the wraith. Your kick misses the wraith.
The wraith is severely damaged.
* * * LOW HITPOINT WARNING * * *
You feel sick. The wraith hits you!
You die...

#..?.....# #........#
#........# #..$:....#
######.#.# ###
....%.WW.# #..
###.W@W.# #.# #.#W###
### #.# #.#@##
#.#######.#
#....#####.#.......#
###..#...#.#.###.#.#
#...............).
#..#.#.......#.#..
#.##.....#.###.#..
....#.######.........#
#.#.#.. ....#...#.#
...#.# #.##.....#..


You could see Josephine and 5 wraiths.

Vanquished Creatures
  Harold (D:8)
  Erica (D:8)
  Urug (D:10)
  Pikel (D:5)
  Grinder (D:4)
  2 hippogriffs (D:10)
  A basilisk (D:9)
  Edmund (D:5)
  Menkaure (D:4)
  A water moccasin (D:9)
  2 porcupines (D:9)
  3 ice beasts
  A slave (D:5)
  5 orc warriors
  2 sky beasts (D:8)
  3 black bears
  3 ogres
  2 wolves (D:9)
  5 centaurs
  3 crocodiles (D:9)
  3 bullfrogs
  A big kobold (D:8)
  A wyvern zombie (D:6)
  3 scorpions
  A wyvern skeleton (D:7)
  6 killer bees (D:9)
  A howler monkey (D:6)
  4 crimson imps
  2 bullfrog zombies
  A quasit (D:7)
  2 hounds (D:8)
  2 jellies
  6 orc priests
  11 orc wizards
  3 bullfrog skeletons
  A centaur skeleton (D:4)
  2 iguanas
  Natasha (twice) (D:4)
  6 worker ants
  A hound skeleton (D:5)
  A worker ant zombie (D:9)
  A howler monkey skeleton (D:4)
  12 adders
  A shadow imp (D:7)
  An ooze (D:3)
  2 worms (D:3)
  2 dart slugs
  30 orcs
  4 giant cockroaches
  16 goblins
  7 hobgoblins
  16 jackals
  8 kobolds
  5 quokkas
  9 bats
  7 frilled lizards
  A jackal skeleton (D:7)
  A leopard gecko skeleton (D:6)
  6 rats
229 creatures vanquished.

Vanquished Creatures (others)
  2 plants (D:9)
2 creatures vanquished.

Grand Total: 231 creatures vanquished

Notes
Turn   | Place    | Note
-------+----------+-------------------------------------------
     0 | Abyss:1  | JeffiDaFish the Demonspawn Abyssal Knight began the quest
                  | for the Orb.
     0 | Abyss:1  | Reached XP level 1. HP: 18/18 MP: 2/2
    76 | Abyss:1  | Noticed a tentacled starspawn
    77 | D:1      | Escaped the Abyss
   325 | D:1      | Gained mutation: You have large cloven feet. [demonic
                  | ancestry]
   325 | D:1      | Reached XP level 2. HP: 21/24 MP: 3/3
   629 | D:1      | Reached * piety under Lugonu
   996 | D:2      | Reached XP level 3. HP: 30/30 MP: 4/4
  1023 | D:2      | Gained mutation: Scrolls take you a little longer to read.
                  | [potion of mutation]
  1023 | D:2      | Gained mutation: Your magical capacity is low. (-10% MP)
                  | [potion of mutation]
  1023 | D:2      | Gained mutation: You are resistant to hostile enchantments.
                  | (MR+) [potion of mutation]
  1023 | D:2      | Lost mutation: Scrolls take you a little longer to read.
                  | [potion of mutation]
  1185 | D:2      | Reached skill level 4 in Fighting
  1275 | D:2      | Reached skill level 1 in Dodging
  1602 | D:3      | Reached XP level 4. HP: 37/37 MP: 5/5
  1607 | D:3      | Reached ** piety under Lugonu
  2759 | D:4      | Found a burning altar of Makhleb.
  2770 | D:4      | Gained mutation: You have hoof-like feet. [demonic
                  | ancestry]
  2770 | D:4      | Reached XP level 5. HP: 30/42 MP: 6/6
  3109 | D:4      | Reached skill level 1 in Stealth
  3129 | D:4      | Gained mutation: Your flesh is heat resistant. (rF+)
                  | [demonic ancestry]
  3129 | D:4      | Reached XP level 6. HP: 48/48 MP: 7/7
  3386 | D:4      | Noticed Grinder
  3397 | D:4      | Paralysed by Grinder for 5 turns
  3417 | D:4      | Killed Grinder
  3417 | D:4      | Reached skill level 5 in Fighting
  3417 | D:4      | Gained mutation: You regenerate a little health from kills.
                  | [demonic ancestry]
  3417 | D:4      | Reached XP level 7. HP: 29/56 MP: 8/8
  3508 | D:4      | Noticed Natasha
  3509 | D:4      | Noticed Menkaure
  3515 | D:4      | Killed Natasha
  3519 | D:4      | Killed Menkaure
  3582 | D:4      | Got a warped graven amulet
  3583 | D:4      | Identified the amulet "Ulelutz" {Acrobat +Blink} (You found
                  | it on level 4 of the Dungeon)
  3746 | D:4      | You fall through a shaft for 2 floors!
  3844 | D:5      | Entered Level 5 of the Dungeon
  3882 | D:5      | Reached *** piety under Lugonu
  3895 | D:5      | Noticed Edmund
  3904 | D:5      | Killed Edmund
  4042 | D:5      | Found Cize's Assorted Antiques.
  4050 | D:5      | Noticed Pikel
  4071 | D:5      | Killed Pikel
  4071 | D:5      | Reached skill level 6 in Fighting
  4071 | D:5      | Reached skill level 5 in Long Blades
  4071 | D:5      | Reached skill level 5 in Armour
  4071 | D:5      | Reached XP level 8. HP: 44/65 MP: 8/8
  4765 | D:6      | Found a shadowy altar of Dithmenos.
  4816 | D:6      | Reached skill level 7 in Fighting
  5035 | D:6      | Gained mutation: You have a somewhat thin skeletal
                  | structure. (Dex +2, Stealth) [demonic ancestry]
  5035 | D:6      | Reached XP level 9. HP: 66/72 MP: 9/9
  5582 | D:4      | Noticed Natasha
  5589 | D:4      | Killed Natasha
  5706 | D:7      | Found Cabliy's Gadget Shoppe.
  5780 | D:5      | Bought a twisted helmet for 304 gold pieces
  5780 | D:5      | Identified the +0 helmet of the Vacuum {rPois Int+2} (You
                  | bought it in a shop on level 5 of the Dungeon)
  5877 | D:7      | Found a staircase to the Ecumenical Temple.
  6475 | D:8      | Reached **** piety under Lugonu
  6529 | D:8      | Noticed Erica
  6553 | D:8      | Killed Erica
  6553 | D:8      | Reached skill level 8 in Fighting
  7236 | D:8      | Noticed Harold
  7253 | D:8      | Killed Harold
  7253 | D:8      | Reached skill level 9 in Fighting
  7253 | D:8      | Reached skill level 5 in Dodging
  7253 | D:8      | Reached XP level 10. HP: 66/83 MP: 10/10
  7845 | D:9      | Found a staircase to the Lair.
  8113 | D:9      | Reached skill level 1 in Shields
  8667 | D:10     | Entered Level 10 of the Dungeon
  8734 | D:10     | Noticed Urug
  8789 | D:10     | Killed Urug
  8789 | D:10     | Reached skill level 10 in Fighting
  8833 | D:10     | Reached XP level 11. HP: 25/90 MP: 11/11
  9028 | D:10     | Noticed Josephine
  9046 | D:10     | HP: 3/90 [poisoned by Josephine]
  9048 | D:10     | HP: 1/90 [poisoned by Josephine]
  9048 | D:10     | Mangled by a wraith

Vault maps used:
D:1:      kennysheep_arrival_seaside, minmay_tetromino_i4
D:2:      first_ration
D:3:      minmay_misc_feat_cross, minmay_goblin_outpost
D:4:      bloody_makhleb, uniq_natasha, uniq_grinder, uniq_menkaure
D:5:      serial_shops, shop, uniq_edmund, uniq_pikel
D:6:      basic_altar
D:7:      minmay_temple_entry_hall, serial_shops, kennysheep_mini_moat
D:8:      uniq_erica, uniq_harold
D:9:      minmay_lair_entry_grove
D:10:     uniq_josephine, uniq_urug

Skill      XL: |  1  2  3  4  5  6  7  8  9 10 11 |
---------------+----------------------------------+-----
Armour         | 2 3 5 6 7 8 9 |  9.0
Long Blades    | 2 3 4 5 6 7 |  7.2
Fighting       | 4 5 6 7 9 10 | 10.1
Dodging        | 1 3 5 |  5.8
Stealth        | 1 |  1.0
Shields        | 2 |  2.6
Invocations    | |  2.6

Action                   |  1- 3 |  4- 6 |  7- 9 | 10-12 || total
-------------------------+-------+-------+-------+-------++-------
Melee: Falchion          |    80 |    77 |   244 |       ||   401
       Kick              |    12 |    20 |   111 |    64 ||   207
       Unarmed           |       |     5 |       |       ||     5
       Long sword        |       |       |    60 |   181 ||   241
Invok: Depart the Abyss  |     1 |       |       |       ||     1
Evoke: Wand              |       |       |     3 |       ||     3
  Use: Scroll            |     9 |       |    11 |     1 ||    21
       Potion            |     5 |       |     3 |     3 ||    11
 Stab: Invisible         |       |       |       |     3 ||     3
  Eat: Chunk             |     2 |     6 |     9 |     6 ||    23
       Ration            |       |       |     1 |       ||     1
Armor: Leather armour    |    28 |       |       |       ||    28
       Scale mail        |     5 |    34 |    10 |       ||    49
       Chain mail        |       |       |    19 |   109 ||   128
       Plate armour      |       |       |   159 |     1 ||   160
Dodge: Dodged            |    63 |    40 |   120 |   127 ||   350
Block: Buckler           |       |       |       |    28 ||    28
       Rpst.: Falchion   |    25 |     7 |    25 |       ||    57
       Long sword        |       |       |    10 |    38 ||    48

Table legend:
 A = Non-vault XP
 B = Vault XP
 C = Vault XP percentage of total XP
 D = Non-vault monster count
 E = Vault monster count
 F = Vault count percentage of total count
                 A         B        C        D         E       F
            +---------+---------+-------+---------+---------+-------
      Total |    6202 |    5391 |  46.5 |     195 |      33 |  14.5
            +---------+---------+-------+---------+---------+-------
        D:1 |      21 |       9 |  30.0 |      15 |       4 |  21.1
        D:2 |      45 |       0 |   0.0 |      20 |       0 |   0.0
        D:3 |      55 |      19 |  25.7 |      12 |      10 |  45.5
        D:4 |     450 |     466 |  50.9 |      18 |       3 |  14.3
        D:5 |      95 |     817 |  89.6 |      12 |       2 |  14.3
        D:6 |     906 |       0 |   0.0 |      24 |       0 |   0.0
        D:7 |     679 |       0 |   0.0 |      16 |       0 |   0.0
        D:8 |    1408 |    1920 |  57.7 |      38 |       2 |   5.0
        D:9 |    1427 |    1349 |  48.6 |      28 |      11 |  28.2
       D:10 |    1116 |     811 |  42.1 |      12 |       1 |   7.7
            +---------+---------+-------+---------+---------+-------
